 Dungeon Crawl Stone Soup version 0.22-a0-512-g0943f25 (webtiles) character file.

22 JeffiDaFish the Firebug (level 2, -3/15 HPs)
             Began as a Deep Elf Fire Elementalist on June 18, 2018.
             Slain by a hobgoblin
             ... wielding a +0 club
              (5 damage)
             ... on level 1 of the Dungeon.
             The game lasted 00:01:19 (837 turns).

JeffiDaFish the Firebug (Deep Elf Fire Elementalist) Turns: 837, Time: 00:01:20

Health: -3/15      AC:  2    Str:  5    XL:     2   Next: 68%
Magic:  0/8        EV: 13    Int: 19    God:
Gold:   55         SH:  0    Dex: 15    Spells: 7/8 levels left

rFire    . . .     SeeInvis .   d - +0 dagger
rCold    . . .     Gourm    .   (no shield)
rNeg     . . .     Faith    .   a - +0 robe
rPois    .         Spirit   .   (no helmet)
rElec    .         Reflect  .   (no cloak)
rCorr    .         Harm     .   (no gloves)
MR       .....                  (no boots)
Stlth    ++........             (no amulet)
HPRegen  0.05/turn              (no ring)
MPRegen  0.11/turn              (no ring)

@: no status effects
A: no striking features
a: no special abilities


You were on level 1 of the Dungeon.
You were not hungry.

You visited 1 branch of the dungeon, and saw 1 of its levels.

You collected 55 gold pieces.

Inventory:

Hand Weapons
 d - a +0 dagger (weapon)
Armour
 a - a +0 robe (worn)
Scrolls
 b - a scroll of remove curse
Comestibles
 c - 2 rations


   Skills:
 + Level 2.8 Dodging
 + Level 2.6 Stealth
 + Level 3.5 Spellcasting
 + Level 1.1 Conjurations
 + Level 3.8 Fire Magic


You had 7 spell levels left.
You knew the following spells:

 Your Spells              Type           Power        Failure   Level  Hunger
a - Flame Tongue          Conj/Fire      ##...        5%          1    None

Your spell library contained the following spells:

 Spells                   Type           Power        Failure   Level  Hunger
 Fireball                 Conj/Fire      ##........   82%         5    ######.
 Conjure Flame            Conj/Fire      ##......     16%         3    ###....
 Throw Flame              Conj/Fire      ##....       8%          2    ##.....
 Sticky Flame             Conj/Fire      ##......     45%         4    ####...
 Inner Flame              Hex/Fire       ##......     21%         3    ###....


Dungeon Overview and Level Annotations

Branches:
Dungeon (1/15)

Altars:


Message History

The jackal is severely wounded.
The jackal misses you.
The jackal bites you but does no damage.
The jackal closely misses you.
Casting: Flame Tongue (safe; 5% risk of failure)
Confirm with . or Enter, or press ? or * to list all spells.
You don't have enough magic to cast that spell.
Unknown command.
The jackal misses you. The jackal misses you.
Casting: Flame Tongue (safe; 5% risk of failure)
Confirm with . or Enter, or press ? or * to list all spells.
Aiming: Flame Tongue (safe; 5% risk of failure)
Press: ? - help, Shift-Dir - straight line, f/p - jackal
Aim: a jackal (heavily wounded)
The flame tongue hits the jackal.
You kill the jackal!
A kobold comes into view. It is wielding a club.
The hobgoblin hits you with a club.
You die...

## .. ######### ##+#.. ........#
#..... .#########K# #.....
#.#.#.......#@###########.....
#............g................
#...#.....#.#.###.###..##...(.
...#####.#.#†# #..###.##..... .
...# #.#.#.# ##+###+##.....
..###..#####.#.#.# #≈.≈≈≈.§#.....
.†g.g..#.....#.#.# #≈≈.≈.≈≈#.....
..###.##.....#.#.###≈≈...≈≈#.....
. #.##.....#.#.#...≈.<.≈§......


You could see a hobgoblin and a kobold.

Vanquished Creatures
  A dart slug (D:1)
  A bat (D:1)
  A goblin (D:1)
  A hobgoblin (D:1)
  9 jackals (D:1)
  A frilled lizard (D:1)
  A kobold (D:1)
  2 rats (D:1)
17 creatures vanquished.

Notes
Turn   | Place    | Note
-------+----------+-------------------------------------------
     0 | D:1      | JeffiDaFish the Deep Elf Fire Elementalist began the quest for the Orb.
     0 | D:1      | Reached XP level 1. HP: 10/10 MP: 6/6
   251 | D:1      | Reached XP level 2. HP: 15/15 MP: 5/8
   837 | D:1      | Slain by a hobgoblin

Vault maps used:
D:1:      ncdulo_lavacross, serial_curves, eino_curves_01, eino_curves_03,
          eino_curves_01, eino_curves_01, kennysheep_nondescript

Action                   || total
-------------------------++-------
Melee: Dagger            ||    17
       Unarmed           ||    13
 Cast: Flame Tongue      ||    30
  Use: Scroll            ||     3
Armor: Robe              ||    12
Dodge: Dodged            ||    49

Table legend:
 A = Spawn XP
 B = Non-spawn XP
 C = Spawn XP percentage of total XP
 D = Spawn monster count
 E = Non-spawn monster count
 F = Spawn count percentage of total count
 G = Total turns spent on level
                    A         B        C        D         E        F      G
               +---------+---------+-------+---------+---------+-------+---------
         Total |       0 |      32 |   0.0 |       0 |      17 |   0.0 |   837
               +---------+---------+-------+---------+---------+-------+---------
           D:1 |       0 |      32 |   0.0 |       0 |      17 |   0.0 |   837
               +---------+---------+-------+---------+---------+-------+---------
